 Dungeon Crawl Stone Soup version 0.32-a0-131-g9dbbe29261 (webtiles) character file.

Game seed: 831085732038650817

92 Ambrosia the Firebug (level 4, 0/35 HPs)
             Began as a Demigod Fire Elementalist on Feb 8, 2024.
             Succumbed to Crazy Yiuf's poison
             ... on level 3 of the Dungeon.
             The game lasted 00:05:19 (3974 turns).

Ambrosia the Firebug (Demigod Fire Elementalist)    Turns: 3974, Time: 00:05:20

Health: 0/35       AC: 26    Str: 13 (15) XL:     4   Next: 13%
Magic:  9/10       EV:  6    Int: 18 (21) God:
Gold:   191        SH:  0    Dex: 11 (14) Spells: 1/7 levels left

rFire   . . .        i - +1 hammer "Dehi Fez" {flame, ^Fragile rElec Str+6}
rCold   . . .        (no shield)
rNeg    . . .        k - +18 Lear's hauberk
rPois   .            (helmet currently unavailable)
rElec   +            (no cloak)
rCorr   .            (gloves currently unavailable)
SInv    .            (boots currently unavailable)
Will    .....        (no amulet) Stlth
                     (no ring)
HPRegen 0.25/turn    (no ring)
MPRegen 0.12/turn

%: no passive effects
@: brilliant, lethally poisoned (0 -> -10)
A: high MP 1, forlorn, divine attributes
a: no special abilities


You were on level 3 of the Dungeon.
You visited 1 branch of the dungeon, and saw 3 of its levels.

You collected 191 gold pieces.

Inventory:

Hand Weapons
 e - a +0 hand axe
   (You found it on level 2 of the Dungeon)
 i - the +1 hammer "Dehi Fez" (weapon) {flame, ^Fragile rElec Str+6}
   (You found it on level 3 of the Dungeon)

   Str+6:     It affects your strength (+6).
   rElec:     It insulates you from electricity.
   ^Fragile:  It will be destroyed if unequipped.
Armour
 a - a +0 robe
 k - the +18 Lear's hauberk (worn)
   (You found it on level 3 of the Dungeon)
Scrolls
 f - a scroll of fog
 h - a scroll of enchant weapon {unknown}
 j - a scroll of teleportation {!r!d, @r3}
Potions
 b - a potion of magic
 d - a potion of degeneration {!q}
 g - 2 potions of mutation {!q}


   Skills:
 + Level 1.2 Fighting
 + Level 0.0 Maces & Flails
 * Level 1.0 Armour
 * Level 2.0 Dodging
 - Level 1.7 Stealth
 - Level 2.4 Spellcasting
 - Level 1.6 Conjurations
 - Level 3.2 Fire Magic
 - Level 0.1 Ice Magic


You had one spell level left.
You knew the following spells:

 Your Spells              Type           Power      Damage    Failure   Level
a - Foxfire               Conj/Fire      64%        2x1d7     82%         1
z - Scorch                Fire           40%        2d6       83%         2
Z - Frozen Ramparts       Ice            8%         1d2       100%        3

Your spell library contained the following spells:

 Spells                   Type           Power      Damage    Failure   Level
 Freeze                   Ice            16%        1d4       98%         1
 Slow                     Hex            12%        N/A       98%         1
 Ensorcelled Hibernation  Hex/Ice        6%         N/A       99%         2
 Inner Flame              Hex/Fire       11%        N/A       99%         3
 Volatile Blastmotes      Fire/Tloc      22%        2d11      99%         3
 Confusing Touch          Hex            3%         N/A       100%        3
 Hailstorm                Conj/Ice       8%         3d5       100%        3
 Passwall                 Erth           3%         N/A       100%        3
 Sigil of Binding         Hex            3%         N/A       100%        3
 Swiftness                Air            3%         N/A       100%        3
 Vampiric Draining        Necr           3%         2d6       100%        3
 Flame Wave               Conj/Fire      16%        2d7       100%        4


Dungeon Overview and Level Annotations

Branches:
Dungeon (3/15) Zot: 14020

Shops:
D:2 :   D:3 =

Annotations:
D:3 Crazy Yiuf


Innate Abilities, Weirdness & Mutations

You have an increased reservoir of magic. (+10% MP)
You shall have no god before yourself.
Your divine heritage dramatically boosts your attributes as you level up.


Message History

No target in view!
You see here a ball python corpse.
You open the door.
There is an open door here.
h - a scroll labelled WIGEETO CEDIGG You feel your willpower return.
MP restored: 10 No target in view!
There is an open door here.
A hobgoblin comes into view.
The hobgoblin shouts!
You hear a shout!
A kobold comes into view. It is wielding a +0 dagger.
There are monsters nearby!
The hobgoblin barely misses you.
There are monsters nearby!
You hit the hobgoblin. You burn the hobgoblin.
The hobgoblin hits you but does no damage.
You hit the hobgoblin. You burn the hobgoblin.
You kill the hobgoblin!
Your Armour skill increases to level 1!
You barely miss the kobold. The kobold hits you but does no damage.
You closely miss the kobold. The kobold barely misses you.
The kobold hits you but does no damage.
You hit the kobold but do no damage. The kobold hits you but does no damage.
You hit the kobold. You burn the kobold.
You kill the kobold!
No target in view!
No target in view!
No target in view!
You see here a +0 dagger.
Found a stone staircase leading down.
No target in view!
You see here 6 stones.
There is a stone staircase leading down here.
You see here 6 stones.
You see here a +0 dagger.
There is a stone staircase leading up here.
Key pressed, stopping explore.
No target in view!
There is a stone staircase leading up here.
There is an open door here.
A ball python comes into view.
No reachable target in view!
A ball python is nearby!
No reachable target in view!
A ball python is nearby!
The teleport trap disappears.
The ball python disappears!
Unknown command.
No target in view!
There is an open door here.
Crazy Yiuf shouts!
You see here a +0 hammer.
You see here a +0 hammer.
No reachable target in view!
Could not explore, unopened runed door.
No reachable target in view!
You open the door.
Crazy Yiuf screams, "Action pizzabubble bag!"
You hit Crazy Yiuf. You burn Crazy Yiuf.
Crazy Yiuf flaps his cloak.
Crazy Yiuf hits you but does no damage.
Crazy Yiuf hits you with a +4 quarterstaff of chaos!
You are poisoned.
You take 12 damage, and have 23/35 hp.
MASSIVE DAMAGE!!
Unknown command.
Hit: i) +1 hammer "Dehi Fez" {flame, ^Fragile rElec Str+6}
Press: ? - help, Dir - move target, f - Crazy Yiuf
Aim: Crazy Yiuf, wielding a +4 quarterstaff of chaos and wearing a +0 cloak (moderately wounded, about 36% to evade the +1 hammer "Dehi Fez")
You hit Crazy Yiuf. You burn Crazy Yiuf.
You feel very sick. Crazy Yiuf barely misses you.
You take 3 damage, and have 20/35 hp.
Okay, then.
Hit: i) +1 hammer "Dehi Fez" {flame, ^Fragile rElec Str+6}
Press: ? - help, Dir - move target, f/p - Crazy Yiuf
Aim: Crazy Yiuf, wielding a +4 quarterstaff of chaos and wearing a +0 cloak (heavily wounded, about 36% to evade the +1 hammer "Dehi Fez")
You hit Crazy Yiuf but do no damage.
You feel sick. Crazy Yiuf hits you but does no damage.
Crazy Yiuf hits you with a +4 quarterstaff of chaos.
Crazy Yiuf freezes you.
You take 9 damage, and have 11/35 hp.
MASSIVE DAMAGE!!
Hit: i) +1 hammer "Dehi Fez" {flame, ^Fragile rElec Str+6}
Press: ? - help, Dir - move target, f/p - Crazy Yiuf
Aim: Crazy Yiuf, wielding a +4 quarterstaff of chaos and wearing a +0 cloak (heavily wounded, about 36% to evade the +1 hammer "Dehi Fez")
You hit Crazy Yiuf. You burn Crazy Yiuf.
You feel sick. Crazy Yiuf hits you but does no damage.
You are lethally poisoned!
You take 1 damage, and have 10/35 hp.
Unknown command.
It was a potion of degeneration.
There was something very wrong with that liquid.
You feel weakened.
You feel dopey.
You feel clumsy.
* * * LOW HITPOINT WARNING * * *
You feel very sick.
Crazy Yiuf hits you with a +4 quarterstaff of chaos.
* * * LOW HITPOINT WARNING * * *
You feel your power leaking away.
You take 8 damage, and have 2/35 hp.
MASSIVE DAMAGE!!
You now have 9/10 mp.
You feel clever all of a sudden.
You die...

#.##...###
#.####...### #[#
###...# ###
#############
#.......# #.......#
### ♣♣##.......#
#)))#♣♣ ♣♣.#.........
#.).g@♣♣♣♣.........#..
#)..#♣).♣......###.#..
### ♣♣♣.♣..#.## #.###
♣♣♣♣♣### #.### #....
##### ##... #...# #...
#...# ##.. #...# ###


You could see Crazy Yiuf.

Vanquished Creatures
  2 adders (D:2 D:3)
  2 dart slugs (D:1 D:2)
  A ribbon worm (D:2)
  6 endoplasms (D:1 D:2)
  4 giant cockroaches (D:1 D:2)
  5 goblins (D:1 D:2)
  11 hobgoblins (D:1 D:2 D:3)
  3 jackals (D:1)
  6 quokkas (D:1 D:3)
  4 ball pythons (D:1 D:3)
  5 bats (D:1 D:2 D:3)
  A frilled lizard (D:1)
  6 kobolds (D:1 D:2 D:3)
  7 rats (D:1 D:2)
63 creatures vanquished.

Vanquished Creatures (collateral kills)
  A foxfire (D:2)
1 creature vanquished.

Vanquished Creatures (others)
  200 foxfires (D:1 D:2 D:3)
200 creatures vanquished.

Grand Total: 264 creatures vanquished

Notes
Turn   | Place    | Note
-------+----------+-------------------------------------------
     0 | D:1      | Ambrosia the Demigod Fire Elementalist began the quest for
                  | the Orb.
     0 | D:1      | Reached XP level 1. HP: 14/14 MP: 5/5
    41 | D:1      | Reached skill level 1 in Conjurations
   412 | D:1      | Reached XP level 2. HP: 22/22 MP: 4/7
   440 | D:1      | HP: 10/22 [jackal (3)]
   446 | D:1      | HP: 8/22 [jackal (1)]
   561 | D:1      | Reached skill level 2 in Spellcasting
   800 | D:1      | Learned a level 2 spell: Scorch
  1114 | D:1      | Reached skill level 3 in Fire Magic
  1459 | D:1      | Reached XP level 3. HP: 26/27 MP: 3/8
  1678 | D:1      | Reached skill level 1 in Fighting
  2638 | D:2      | Reached skill level 2 in Dodging
  2975 | D:2      | Found Tibruar's Vocational Training.
  3085 | D:3      | Learned a level 3 spell: Frozen Ramparts
  3119 | D:3      | Identified the +1 hammer "Dehi Fez" {flame, ^Fragile rElec
                  | Str+6}
  3122 | D:3      | Found a runed translucent door.
  3123 | D:3      | Noticed Crazy Yiuf
  3273 | D:3      | Reached XP level 4. HP: 29/35 MP: 2/10
  3430 | D:3      | Found Fugudina's Jewellery Shop.
  3560 | D:3      | Found the +18 Lear's hauberk
  3706 | D:3      | Reached skill level 1 in Armour
  3971 | D:3      | HP: 12/35 [Crazy Yiuf/+4 quarterstaff of chaos (6)]
  3973 | D:3      | HP: 2/35 [Crazy Yiuf/+4 quarterstaff of chaos (5)]
  3974 | D:3      | Succumbed to Crazy Yiuf's poison

Illustrated notes

Levels and vault maps discovered:
D:1:      roderic_crossed_star, layout_loops_cross, minivault_5,
          chequers_serial_rivers_micro_b, minmay_misc_feat_iff
D:2:      cheibrodos_old_hovel, layout_basic, basic_altar,
          hellmonk_ecumenical_altar_lost_god, nicolae_shop_vocational
D:3:      layout_basic, serial_shops, shop, uniq_crazy_yiuf_cottage

Skill      XL: |  1  2  3  4 |
---------------+-------------+-----
Conjurations   | 1 |  1.6
Spellcasting   | 2 |  2.4
Fire Magic     | 3 |  3.2
Fighting       | 1 |  1.2
Dodging        | 2 |  2.0
Armour         | 1 |  1.0
Stealth        | |  1.7
Ice Magic      | |  0.1

Action                     |  1- 3 |  4- 6 || total
---------------------------+-------+-------++-------
  Melee: Dagger            |    29 |       ||    29
         Punch             |     2 |       ||     2
         Hand axe          |     9 |     1 ||    10
         Mace              |       |    10 ||    10
   Cast: Foxfire           |   133 |     6 ||   139
         Scorch            |    13 |     2 ||    15
    Use: Scroll            |     5 |     1 ||     6
         Potion            |       |     2 ||     2
   Stab: Sleeping          |     1 |       ||     1
 Armour: Robe              |    42 |     3 ||    45
         Chain mail        |       |    10 ||    10
  Dodge: Dodged            |    46 |     8 ||    54

Table legend: (Time is in decaauts)
 A = Elapsed time spent in this place.
 B = Non-inter-level travel time spent in this place.
 C = Inter-level travel time spent in this place.
 D = Time resting spent in this place.
 E = Time spent auto-exploring this place.
 F = Levels seen in this place.
 G = Mean time per level.
                   A        B        C        D        E       F      G
               +--------+--------+--------+--------+--------+-----+--------+
         Total |   3979 |   3964 |     15 |    236 |   3249 |   3 | 1326.3 |
       Dungeon |   3979 |   3964 |     15 |    236 |   3249 |   3 | 1326.3 |
               +--------+--------+--------+--------+--------+-----+--------+

Top non-repeatable levels by time:
     D:1: 1829 daAuts
     D:2: 1238 daAuts
     D:3: 912 daAuts

Levels and vault maps discovered:
D:1:      roderic_crossed_star, layout_loops_cross, minivault_5,
          chequers_serial_rivers_micro_b, minmay_misc_feat_iff
D:2:      cheibrodos_old_hovel, layout_basic, basic_altar,
          hellmonk_ecumenical_altar_lost_god, nicolae_shop_vocational
D:3:      layout_basic, serial_shops, shop, uniq_crazy_yiuf_cottage

Table legend: (Time is in decaauts)
 A = Elapsed time spent in this place.
 B = Non-inter-level travel time spent in this place.
 C = Inter-level travel time spent in this place.
 D = Time resting spent in this place.
 E = Time spent auto-exploring this place.
 F = Levels seen in this place.
 G = Mean time per level.
                   A        B        C        D        E       F      G
               +--------+--------+--------+--------+--------+-----+--------+
         Total |   3979 |   3964 |     15 |    236 |   3249 |   3 | 1326.3 |
       Dungeon |   3979 |   3964 |     15 |    236 |   3249 |   3 | 1326.3 |
               +--------+--------+--------+--------+--------+-----+--------+

Top non-repeatable levels by time:
     D:1: 1829 daAuts
     D:2: 1238 daAuts
     D:3: 912 daAuts

Table legend:
 A = Kills in this place as a percentage of kills in the entire game.
 B = Kills by you in this place as a percentage of kills by you in the entire game.
 C = Kills by friends in this place as a percentage of kills by friends in the entire game.
 D = Other kills in this place as a percentage of other kills in the entire game.
 E = Experience gained in this place as a percentage of experience gained in the entire game.
 F = Experience gained in this place divided by the number of levels of this place that you have seen.
                   A       B       C       D       E      F
               +-------+-------+-------+-------+-------+----------------------
         Total | 100.0 | 100.0 |   N/A |   N/A | 100.0 |  44.0
       Dungeon | 100.0 | 100.0 |   N/A |   N/A | 100.0 |  44.0
               +-------+-------+-------+-------+-------+----------------------
